AoeStats
← TitoLoco107

Arena

509140379Analyzed
1v1 RM · 8d ago on Sep 25, 2026· 23m 57s· 2 players
Game mode
Random Map
Map size
Tiny (2 player)
Population
200
Speed
Normal
Resources
Standard
Victory
Conquest
Starting age
Dark Age
Ending age
Imperial Age
RankedLock teamsTeams togetherTeam positionsShared explorationLock speedFull tech treeHidden civsTurbo modeCheats
Victory
Defeat
🇮🇳 Japanese · India
379
+15
🇪🇸 Dravidians · Spain
352
-15
TitoLoco107
9:59 Feudal Age
13:34 Town Watch
17:14 Loom
22:09 Wheelbarrow
24:04 Wheelbarrow
darCwader
9:50 Loom
11:37 Feudal Age
13:22 Man-at-Arms
14:12 Arson
Connection lost

Rejoining the realm…

Still unreachable

The connection could not be restored.

Session expired

The server has moved on; the page needs a fresh start.